AoeStats
← Borges

Four Lakes

510184982Analyzed
1v1 RM · 2d ago on Sep 29, 2026· 27m 10s· 2 players
Game mode
Random Map
Map size
Tiny (2 player)
Population
200
Speed
Normal
Resources
Standard
Victory
Conquest
Starting age
Dark Age
Ending age
Imperial Age
RankedLock teamsTeams togetherTeam positionsShared explorationLock speedFull tech treeHidden civsTurbo modeCheats
Victory
Defeat
🇭🇺 Romans · Hungary
1020
+15
🇨🇱 Dravidians · Chile
994
-15
Borges
10:43 Feudal Age
11:18 Man-at-Arms
11:57 Double-Bit Axe
13:34 Gold Mining
17:10 Scale Mail Armor
20:39 Castle Age
19:17 Town Watch
21:11 Fletching
23:00 Elite Skirmisher
Captain Balu
10:28 Feudal Age
8:44 Loom
10:32 Man-at-Arms
14:37 Gold Mining
15:14 Scale Mail Armor
16:05 Forging
16:21 Horse Collar
21:19 Castle Age
20:17 Fishing Lines
22:16 Chain Mail Armor
21:53 Long Swordsman
23:18 Iron Casting
22:46 Squires
Connection lost

Rejoining the realm…

Still unreachable

The connection could not be restored.

Session expired

The server has moved on; the page needs a fresh start.